 Dungeon Crawl Stone Soup version 0.30-a0-174-gbc10bd73c2 (webtiles) character file.

Game seed: 5979537532581311498

233 qw the Chopper (level 6, -8/37 HPs)
             Began as a Gargoyle Fighter on Oct 1, 2022.
             Splashed by a jelly's acid (9 damage)
             ... on level 4 of the Dungeon.
             The game lasted 00:01:00 (2804 turns).

qw the Chopper (Gargoyle Fighter)                   Turns: 2804, Time: 00:01:01

Health: -8/37      AC:  0    Str: 22    XL:     6   Next: 4%
Magic:  6/6        EV:  9    Int:  8    God:
Gold:   173        SH:  4    Dex:  9    Spells: 5/5 levels left

rFire   . . .      SeeInvis .    Y - +0 war axe (vorpal)
rCold   . . .      Faith    .    c - +0 buckler
rNeg    + . .      Spirit   .    b - +0 scale mail
rPois   inf        Reflect  .    (no helmet)
rElec   +          Harm     .    (no cloak)
rCorr   .          Rampage  .    (no gloves)
Will    .....                    (no boots)
Stlth   ..........               f - amulet of regeneration
HPRegen 1.06/turn                (no ring)
MPRegen 0.10/turn                (no ring)

@: corroded
A: sickness immunity, AC +4, negative energy resistance 1, electricity
resistance, torment resistance 1, petrification resistance
a: no special abilities


You were on level 4 of the Dungeon.
You visited 1 branch of the dungeon, and saw 4 of its levels.

You collected 173 gold pieces.


Innate Abilities, Weirdness & Mutations

You are immune to sickness and miasma.
Your stone body is resilient. (AC +4)
You are immune to poison.
You resist negative energy. (rN+)
You are resistant to electric shocks. (rElec)
You are resistant to unholy torment.
You are immune to petrification.


   Skills:
 + Level 3.3 Fighting
 - Level 5.5 Axes
 - Level 3.2 Armour
 - Level 3.2 Shields


You had 5 spell levels left.
You didn't know any spells.
Your spell library was empty.

Inventory:

Hand Weapons
 h - a +0 flail
 Y - a +0 vorpal war axe (weapon)
Armour
 b - a +0 scale mail (worn)
 c - a +0 buckler (worn)
 g - a +0 chain mail
Jewellery
 f - an amulet of regeneration (around neck)
Scrolls
 a - a scroll of magic mapping {unknown}
 e - 2 scrolls of identify
 n - a scroll of teleportation {unknown}
Potions
 d - a potion of might
 i - 2 potions of haste
 j - a potion of degeneration {unknown}
 k - a potion of cancellation {unknown}
 l - a potion of lignification {unknown}
 m - 2 potions of curing

Dungeon Overview and Level Annotations

Branches:
Dungeon (4/15)
 Temple: D:4-7

Altars:
Nemelex Xobeh


Message History

You hear the hiss of a very distant avalanche of sand.
An orc comes into view. It is wielding a +0 club.
The orc shouts!
You closely miss the orc. The orc barely misses you.
You slash the orc!
You kill the orc!
g - a +0 chain mail You see here a +0 club.
You see here a +0 club.
You see here a +0 ring mail.
n - a scroll labelled XISMU JEEVEXZE You hear the rusting of a very distant drain.
You hear the brisk hiss of a distant avalanche of sand.
Found a sparkling altar of Nemelex Xobeh.
You now have 173 gold pieces (gained 12).
A jelly comes into view.
The jelly quivers.
Enter note: You hit the jelly.
The acid corrodes you!
Your hands burn!
The jelly is lightly wounded.
You hear the rusting of a very distant drain.
You hear the brisk hiss of an avalanche of sand very nearby.
The jelly hits you. The acid corrodes you!
You are splashed with acid.
You hit the jelly but do no damage.
Your hands burn!
The jelly is lightly wounded.
The jelly hits you but does no damage.
You barely miss the jelly.
The jelly is lightly wounded.
The jelly hits you. The acid corrodes you!
You are splashed with acid!
You hit the jelly. The acid corrodes you!
Your hands burn!
The jelly is moderately wounded.
The jelly hits you.
You are splashed with acid.
The jelly closely misses you.
You hit the jelly but do no damage.
Your hands burn!
The jelly is moderately wounded.
The jelly hits you.
You are splashed with acid!
You barely miss the jelly.
The jelly is moderately wounded.
The jelly hits you.
You are splashed with acid!
You die...

.. ######### .# #.......# .#
#.#####.# .# ## ####.## #.#
.### . .. #.....# #.# ...
....# #.#.#.####.######J#
).... #.._..##........@.# #.#
...## ###.####.########?# #.#
#..# #.# ..... ... ##.# #.#
#..###.# #.# #.# #..###.# #.#
#.# ##......#### # #.# #.#
...........# # #.# #.#
#.##.....#######
#.###.#########.............).


You could see a jelly.

Vanquished Creatures
  A phantom (D:4)
  An orc priest (D:3)
  4 gnolls (D:2)
  3 adders
  A dart slug (D:2)
  5 orcs
  5 bats
  4 endoplasms
  2 giant cockroaches
  3 goblins
  3 hobgoblins
  3 jackals (D:2)
  2 quokkas
  7 ball pythons
  2 frilled lizards (D:3)
  3 kobolds
  5 rats
  A rat zombie (D:4)
55 creatures vanquished.

Vanquished Creatures (others)
  2 plants (D:3)
2 creatures vanquished.

Grand Total: 57 creatures vanquished

Notes
Turn   | Place    | Note
-------+----------+-------------------------------------------
     0 | D:1      | qw the Gargoyle Fighter began the quest for the Orb.
     0 | D:1      | Reached XP level 1. HP: 14/14 MP: 1/1
     0 | D:1      | 0 ||| qw: Version: 0.2-a-13-gfc7b4b4
     0 | D:1      | 0 ||| qw: Game counter: 1883
     0 | D:1      | 0 ||| qw: Always use a shield: true
     0 | D:1      | 0 ||| qw: God list: Okawaru
     0 | D:1      | 0 ||| qw: Allow faded altars: false
     0 | D:1      | 0 ||| qw: Do Orc after D:15 true
     0 | D:1      | 0 ||| qw: Do second Lair branch before Depths: true
     0 | D:1      | 0 ||| qw: Lair rune preference: random
     0 | D:1      | 0 ||| qw: Plans: Normal, Zot:1-4, God:TSO, Crypt, Tomb,
                  | Pan, Slime:5, Hells, Abyss, Orb
     0 | D:1      | 0 ||| PLANNING D:1-11
   101 | D:1      | Reached skill level 2 in Axes
   399 | D:1      | Reached XP level 2. HP: 17/19 MP: 2/2
   534 | D:1      | Found a faded altar of an unknown god.
   772 | D:1      | 772 ||| UPGRADING to amulet of regeneration.
   777 | D:1      | 777 ||| READING scroll labelled TELAJA QYCYV.
   778 | D:1      | 778 ||| READING scroll labelled ZEPUCHI LAEDU.
   779 | D:1      | 779 ||| DRINKING 2 dark potions.
   884 | D:1      | 884 ||| DROPPING potion of berserk rage.
   911 | D:2      | 911 ||| Stepping ~*~*~tactically~*~*~ (hiding).
  1032 | D:2      | Reached skill level 3 in Axes
  1032 | D:2      | Reached XP level 3. HP: 21/23 MP: 3/3
  1040 | D:2      | 1040 ||| Stepping ~*~*~tactically~*~*~ (stealth).
  1058 | D:2      | 1058 ||| Stepping ~*~*~tactically~*~*~ (stealth).
  1063 | D:2      | 1063 ||| Stepping ~*~*~tactically~*~*~ (stealth).
  1069 | D:2      | Reached XP level 4. HP: 23/28 MP: 4/4
  1076 | D:2      | 1076 ||| DROPPING +0 club.
  1085 | D:2      | Reached skill level 4 in Axes
  1112 | D:2      | 1112 ||| DROPPING +3 whip of freezing.
  1259 | D:2      | 1259 ||| Stepping ~*~*~tactically~*~*~ (stealth).
  1298 | D:2      | 1298 ||| Stepping ~*~*~tactically~*~*~ (stealth).
  1300 | D:2      | 1300 ||| Stepping ~*~*~tactically~*~*~ (stealth).
  1302 | D:2      | 1302 ||| Stepping ~*~*~tactically~*~*~ (stealth).
  1304 | D:2      | 1304 ||| Stepping ~*~*~tactically~*~*~ (stealth).
  1306 | D:2      | 1306 ||| Stepping ~*~*~tactically~*~*~ (stealth).
  1308 | D:2      | 1308 ||| Stepping ~*~*~tactically~*~*~ (stealth).
  1310 | D:2      | 1310 ||| Stepping ~*~*~tactically~*~*~ (stealth).
  1312 | D:2      | 1312 ||| Stepping ~*~*~tactically~*~*~ (stealth).
  1314 | D:2      | 1314 ||| Stepping ~*~*~tactically~*~*~ (stealth).
  1316 | D:2      | 1316 ||| Stepping ~*~*~tactically~*~*~ (stealth).
  1318 | D:2      | 1318 ||| Stepping ~*~*~tactically~*~*~ (stealth).
  1320 | D:2      | 1320 ||| Stepping ~*~*~tactically~*~*~ (stealth).
  1322 | D:2      | 1322 ||| Stepping ~*~*~tactically~*~*~ (stealth).
  1324 | D:2      | 1324 ||| Stepping ~*~*~tactically~*~*~ (stealth).
  1326 | D:2      | 1326 ||| Stepping ~*~*~tactically~*~*~ (stealth).
  1328 | D:2      | 1328 ||| Stepping ~*~*~tactically~*~*~ (stealth).
  1330 | D:2      | 1330 ||| Stepping ~*~*~tactically~*~*~ (stealth).
  1332 | D:2      | 1332 ||| Stepping ~*~*~tactically~*~*~ (stealth).
  1333 | D:2      | 1333 ||| Stepping ~*~*~tactically~*~*~ (stealth).
  1741 | D:2      | 1741 ||| READING scroll labelled WOOMIPH FOATAKH.
  1742 | D:2      | 1742 ||| READING 2 scrolls labelled DUWKAZXEOR.
  1743 | D:2      | 1743 ||| READING 2 scrolls of identify.
  1743 | D:2      | 1743 ||| IDENTIFYING metallic coppery potion
  1744 | D:2      | 1744 ||| DROPPING scroll of fear.
  1796 | D:3      | 1796 ||| Stepping ~*~*~tactically~*~*~ (hiding).
  1809 | D:3      | Reached XP level 5. HP: 27/32 MP: 5/5
  1896 | D:3      | 1896 ||| Stepping ~*~*~tactically~*~*~ (stealth).
  1897 | D:3      | 1897 ||| Stepping ~*~*~tactically~*~*~ (stealth).
  2432 | D:3      | 2432 ||| READING scroll labelled LAMOEMM GUENER.
  2433 | D:3      | 2433 ||| DRINKING 3 fizzy green potions.
  2434 | D:3      | 2434 ||| READING 2 scrolls of identify.
  2434 | D:3      | 2434 ||| IDENTIFYING ruby potion
  2435 | D:3      | 2435 ||| DROPPING potion of invisibility.
  2455 | D:4      | 2455 ||| PLANNING OSSUARY
  2636 | D:4      | Noticed a phantom
  2656 | D:4      | Killed a phantom
  2657 | D:4      | Reached skill level 5 in Axes
  2657 | D:4      | Reached XP level 6. HP: 37/37 MP: 6/6
  2762 | D:4      | Found a sparkling altar of Nemelex Xobeh.
  2803 | D:4      | HP: 2/37 [acid (9)]
  2804 | D:4      | Splashed by a jelly's acid

Levels and vault maps discovered:
D:1:      minmay_arrival_nine_rooms, layout_loops_ring,
          ebering_ecumenical_altar_mist, corner_web_ring, minmay_small_reverse_x
D:2:      layout_basic
D:3:      layout_loops_cross, serial_forest, infiniplex_forest_lined_room_2,
          infiniplex_forest_end_2, infiniplex_forest_clump_curved,
          infiniplex_forest_clump_small, infiniplex_forest_clump_large,
          infiniplex_forest_corner_1, patterned_corridor
D:4:      layout_loops_ring, lemuel_crystal_altar, enter_ossuary_3,
          portal_sewer_entry_d, nrook_mini_backslash,
          chequers_serial_rivers_small_b, minivault_1, minmay_tree_intersection,
          grunt_ministairs_14

Skill      XL: |  1  2  3  4  5 |
---------------+----------------+-----
Axes           | 2 3 4 5 |  5.5
Fighting       | |  3.3
Armour         | |  3.2
Shields        | |  3.2

Action                   |  1- 3 |  4- 6 || total
-------------------------+-------+-------++-------
Melee: War axe           |    56 |   105 ||   161
  Use: Scroll            |     2 |     5 ||     7
       Potion            |     1 |     1 ||     2
Armor: Scale mail        |    24 |    44 ||    68
Dodge: Dodged            |    23 |    37 ||    60
Block: Buckler           |    12 |    11 ||    23

Table legend:
 A = Non-vault XP
 B = Vault XP
 C = Vault XP percentage of total XP
 D = Non-vault monster count
 E = Vault monster count
 F = Vault count percentage of total count
                 A         B        C        D         E       F
            +---------+---------+-------+---------+---------+-------
      Total |     325 |       8 |   2.4 |      50 |       5 |   9.1
            +---------+---------+-------+---------+---------+-------
        D:1 |      16 |       7 |  30.4 |       9 |       4 |  30.8
        D:2 |     118 |       0 |   0.0 |      24 |       0 |   0.0
        D:3 |      76 |       0 |   0.0 |      12 |       0 |   0.0
        D:4 |     115 |       1 |   0.9 |       5 |       1 |  16.7
            +---------+---------+-------+---------+---------+-------
